 Dungeon Crawl Stone Soup version 0.31-a0-1066-g35875b34c7 (webtiles) character file.

Game seed: 15052284491633147771

343 zeramoth the Firebug (level 6, -1/78 HPs)
             Began as a Hill Orc Cinder Acolyte on Nov 22, 2023.
             Was a High Priest of Ignis.
             Slain by Terence
             ... wielding a +0 mace
              (5 damage)
             ... on level 3 of the Dungeon.
             The game lasted 00:09:46 (3526 turns).

zeramoth the Firebug (Hill Orc Cinder Acolyte)      Turns: 3526, Time: 00:09:46

Health: -1/78      AC:  2    Str: 17    XL:     6   Next: 57%
Magic:  1/10       EV: 11    Int: 16    God:    Ignis [*****.]
Gold:   119        SH:  0    Dex:  6    Spells: 9/11 levels left

rFire   + . .        a - -1 hand axe (flame)
rCold   . . .        (no shield)
rNeg    . . .        b - +0 robe
rPois   .            (no helmet)
rElec   .            (no cloak)
rCorr   .            (no gloves)
SInv    .            (no boots)
Will    .....        g - amulet of regeneration Stlth
                     (no ring)
HPRegen 1.13/turn    (no ring)
MPRegen 0.12/turn

%: no passive effects
@: berserking (expiring), very quick
A: no striking features
a: Renounce Religion, Fiery Armour, Foxfire Swarm, Rising Flame


You were on level 3 of the Dungeon.
You worshipped Ignis.
Ignis was extremely pleased with you.
You visited 1 branch of the dungeon, and saw 3 of its levels.

You collected 119 gold pieces.


   Skills:
 - Level 4.1 Fighting
 - Level 4.5 Axes
 + Level 3.3 Spellcasting
 + Level 5.7 Fire Magic


You had 9 spell levels left.
You knew the following spells:

 Your Spells              Type           Power      Damage    Failure   Level
X - Scorch                Fire           40%        2d6       2%          2

Your spell library contained the following spells:

 Spells                   Type           Power      Damage    Failure   Level
 Magic Dart               Conj           8%         1d3       19%         1
 Blink                    Tloc           4%         N/A       28%         2
 Lesser Beckoning         Tloc           4%         N/A       28%         2
 Momentum Strike          Conj/Tloc      4%         3d8       28%         2
 Searing Ray              Conj           4%         2d4       28%         2
 Static Discharge         Conj/Air       4%         3-4/arc   28%         2
 Anguish                  Hex/Necr       1%         N/A       88%         4
 Brom's Barrelling Bould  Conj/Erth      2%         2d3       88%         4
 Cause Fear               Hex            1%         N/A       88%         4
 Fulminant Prism          Conj/Hex       1%         3d5       88%         4

Inventory:

Hand Weapons
 a - a -1 hand axe of flaming (weapon)
Missiles
 k - 36 stones
 v - 8 boomerangs
 E - a throwing net {=f!f}
 G - 3 poisoned darts
Armour
 b - a +0 robe (worn)
 d - a +0 ring mail
   (You found it on level 1 of the Dungeon)
 e - a +0 leather armour
   (You found it on level 1 of the Dungeon)
 n - a +0 chain mail
   (You found it on level 1 of the Dungeon)
 o - a +0 robe
   (You found it on level 1 of the Dungeon)
 q - a +0 scale mail
   (You found it on level 1 of the Dungeon)
 u - a +0 leather armour
   (You found it on level 2 of the Dungeon)
 B - a +0 chain mail
   (You found it on level 3 of the Dungeon)
 C - a +0 ring mail
   (You found it on level 3 of the Dungeon)
 D - a +0 leather armour
   (You took it off an orc on level 3 of the Dungeon)
 H - a +0 chain mail
   (You took it off an orc on level 3 of the Dungeon)
Jewellery
 g - an amulet of regeneration (around neck)
   (You found it on level 1 of the Dungeon)
 F - a ring of protection from fire
   (You found it on level 2 of the Dungeon)
Scrolls
 c - 2 scrolls of enchant armour {unknown}
 f - a scroll of teleportation {unknown}
 m - 2 scrolls of identify {unknown}
 r - a scroll of fear {unknown}
 s - a scroll of blinking {unknown}
 t - a scroll of silence {unknown}
 y - a scroll of revelation {unknown}
Potions
 h - a potion of mutation {unknown}
 i - 6 potions of curing {unknown}
 j - a potion of berserk rage {!q}
 l - a potion of enlightenment {unknown}
 p - 2 potions of magic {unknown}
 w - a potion of lignification {unknown}
 x - 2 potions of might {unknown}
 z - a potion of resistance {unknown}
 A - a potion of degeneration {unknown}

Dungeon Overview and Level Annotations

Branches:
Dungeon (3/15) Zot: 14454

Altars:
Xom

Annotations:
D:3 Terence

## .. ! .######## ........#
#g....... #.@)..... #@o.....#
#)############ #.......)....+
... .. #.......#)...# ..P ###'
#.......#))..# ...~
#...#############''''#####
...~≈#.gg#.....................
...~≈#####~~≈~~≈~~~≈≈~....~~~≈~
...~≈≈≈≈≈≈≈≈≈≈≈≈≈≈≈≈≈~....~≈≈≈≈


You could see Terence, a gnoll and an orc.


Message History

Casting: Scorch (safe; 2% risk of failure)
Confirm with . or Enter, or press ? or * to list all spells.
Flames lash the gnoll.
The gnoll's fire resistance burns away.
You hear a shout!
An orc comes into view. It is wielding a +0 mace. 😎 MP[-2]
You lost 2 mp, and now have 8/10 mp.
Casting: Scorch (safe; 2% risk of failure)
Confirm with . or Enter, or press ? or * to list all spells.
Flames lash the gnoll.
The gnoll is burned terribly!
The orc shouts!
The gnoll closely misses you.
Terence the Incautious comes into view.
He is wielding a +0 mace.
The gnoll hits you from afar with a +0 spear. 😕 HP[-6] MP[-2]
You take 6 damage, and now have 46/52 hp.
You lost 2 mp, and now have 6/10 mp.
Casting: Scorch (safe; 2% risk of failure)
Confirm with . or Enter, or press ? or * to list all spells.
Flames lash the gnoll.
The gnoll's fire resistance burns away.
Terence shouts!
You hear a bark!
The gnoll hits you from afar with a +0 spear!
The gnoll hits you from afar with a +0 spear. 😮 HP[-14] MP[-2]
You take 14 damage, and now have 32/52 hp.
MASSIVE DAMAGE!! (PAUSE)
You lost 2 mp, and now have 4/10 mp.
Casting: Scorch (safe; 2% risk of failure)
Confirm with . or Enter, or press ? or * to list all spells.
Flames lash the gnoll.
The gnoll is burned terribly!
You kill the gnoll!
The gnoll barely misses you. 😮 HP[+1] MP[-2]
You lost 2 mp, and now have 2/10 mp.
Casting: Scorch (safe; 2% risk of failure)
Confirm with . or Enter, or press ? or * to list all spells.
Flames lash the gnoll.
The gnoll is burned terribly!
The gnoll hits you from afar with a +0 spear!
* * * LOW HITPOINT WARNING * * *
😨 HP[-7] MP[-2]
You take 7 damage, and now have 26/52 hp.
You lost 2 mp, and now have 0/10 mp.
Casting: Scorch (safe; 2% risk of failure)
Confirm with . or Enter, or press ? or * to list all spells.
You don't have enough magic to cast this spell.
You struggle against the net.
An orc comes into view. It is wielding a +0 club.
The gnoll hits you from afar with a +0 spear!
* * * LOW HITPOINT WARNING * * *
😨 HP[-9]
You take 9 damage, and now have 17/52 hp.
You struggle against the net.
The gnoll closely misses you. 😨 HP[+1]
You tear a large gash into the net.
The orc hits you with a +0 mace.
* * * LOW HITPOINT WARNING * * *
The gnoll hits you from afar with a +0 spear.
* * * LOW HITPOINT WARNING * * *
😱 HP[-10] MP[+1]
You take 10 damage, and now have 8/52 hp.
It was a potion of berserk rage.
A red film seems to cover your vision as you go berserk!
You feel yourself moving faster!
You feel mighty! The orc hits you with a +0 mace.
* * * LOW HITPOINT WARNING * * *
Terence hits you with a +0 mace.
* * * LOW HITPOINT WARNING * * *
The gnoll hits you but does no damage. 😱 HP[+2]
You now have 78 max hp (+26).
You regained 2 hp, and now have 10/78 hp.
You are too berserk!
You rip the net and break free!
You feel a strong urge to attack something. 😱 HP[+1]
You slash Terence! You burn Terence. You hit the orc but do no damage.
The orc barely misses you. Terence barely misses you.
The gnoll hits you but does no damage. 😱 HP[+1]
You closely miss Terence. You hit the orc. You burn the orc.
Terence bares his teeth.
Terence misses you. The orc misses you.
The gnoll hits you from afar with a +0 spear!
* * * LOW HITPOINT WARNING * * *
😱 HP[-7]
You take 7 damage, and now have 5/78 hp.
You hit Terence but do no damage. You closely miss the orc. 😱 HP[+1]
You closely miss Terence. You closely miss the orc.
The gnoll is no longer more vulnerable to fire.
Terence hits you but does no damage.
The gnoll hits you from afar with a +0 spear.
* * * LOW HITPOINT WARNING * * *
😱 HP[-3]
You take 3 damage, and now have 3/78 hp.
You hit Terence. You burn Terence. You hit the orc. You burn the orc.
You hit the orc. You burn the orc.
You kill the orc!
Terence hits you with a +0 mace.
You die...
Terence says, "That felt goooood."

Skill      XL: |  1  2  3  4  5  6 |
---------------+-------------------+-----
Fighting       | 4 |  4.1
Fire Magic     | 4 5 |  5.7
Spellcasting   | 2 3 |  3.3
Axes           | |  4.5

Action                     |  1- 3 |  4- 6 || total
---------------------------+-------+-------++-------
  Melee: Hand axe          |   125 |    67 ||   192
   Cast: Scorch            |    12 |    27 ||    39
    Use: Potion            |       |     1 ||     1
 Armour: Robe              |    85 |    52 ||   137
  Dodge: Dodged            |    66 |    45 ||   111

Levels and vault maps discovered:
D:1:      elethiomel_arrival_infinity_welcomes_careful_drivers, layout_basic,
          basic_ecumenical_altar, hex_intersection, nicolae_titane
D:2:      layout_loops_corners, minmay_cupped
D:3:      lemuel_castle_with_subvaults [lemuel_castle_interior_carwin_3],
          layout_loops_ring, marbit_many_paths, uniq_natasha, uniq_ijyb,
          uniq_terence

Notes
Turn   | Place    | Note
-------+----------+-------------------------------------------
     0 | D:1      | zeramoth the Hill Orc Cinder Acolyte began the quest for
                  | the Orb.
     0 | D:1      | Reached XP level 1. HP: 19/19 MP: 2/2
     0 | D:1      | magus.rc [v1.11.3]
   266 | D:1      | Reached XP level 2. HP: 23/27 MP: 3/3
   628 | D:1      | Found a faded altar of an unknown god.
  1520 | D:2      | Reached skill level 4 in Fighting
  1520 | D:2      | Reached XP level 3. HP: 33/33 MP: 5/5
  1659 | D:2      | Learned a level 2 spell: Scorch
  2148 | D:2      | You pick up a book of Spatial Translocations and begin
                  | reading...
  2148 | D:2      | You add the spells Blink, Momentum Strike and Lesser
                  | Beckoning to your library.
  2464 | D:2      | Reached skill level 4 in Fire Magic
  2464 | D:2      | Reached XP level 4. HP: 36/40 MP: 1/6
  2584 | D:2      | Reached skill level 2 in Spellcasting
  2720 | D:2      | You add the spells Magic Dart, Static Discharge, Brom's
                  | Barrelling Boulder, Cause Fear and Anguish to your library.
  2720 | D:2      | Got the Parchment of Hapless Injury
  2792 | D:3      | Reached XP level 5. HP: 46/46 MP: 5/8
  2796 | D:3      | Noticed Natasha
  2806 | D:3      | Killed Natasha
  2972 | D:3      | Found a shimmering altar of Xom.
  3138 | D:3      | Noticed Natasha
  3143 | D:3      | Killed Natasha
  3144 | D:3      | Reached skill level 5 in Fire Magic
  3338 | D:3      | Reached XP level 6. HP: 52/52 MP: 3/10
  3362 | D:3      | Reached skill level 3 in Spellcasting
  3505 | D:3      | You pick up a book of Conjurations and begin reading...
  3505 | D:3      | You add the spells Searing Ray and Fulminant Prism to your
                  | library.
  3513 | D:3      | Noticed Terence
  3519 | D:3      | HP: 13/52 [orc/+0 mace (6)]
  3523 | D:3      | HP: 5/78 [gnoll/+0 spear (7)]
  3526 | D:3      | Slain by Terence

Vanquished Creatures
  A kobold brigand (D:3)
  A howler monkey (D:2)
  Natasha (twice) (D:3)
  8 gnolls (D:3)
  5 adders
  2 worms
  A dart slug (D:2)
  4 orcs (D:3)
  3 ball pythons
  5 endoplasms
  A giant cockroach (D:2)
  3 goblins (D:1)
  8 hobgoblins
  6 jackals
  3 kobolds
  4 bats
  5 frilled lizards
  4 rats
66 creatures vanquished.

Table legend:
 A = Non-vault XP
 B = Vault XP
 C = Vault XP percentage of total XP
 D = Non-vault monster count
 E = Vault monster count
 F = Vault count percentage of total count
                 A         B        C        D         E       F
            +---------+---------+-------+---------+---------+-------
      Total |     224 |     269 |  54.6 |      47 |      19 |  28.8
            +---------+---------+-------+---------+---------+-------
        D:1 |      38 |       0 |   0.0 |      21 |       0 |   0.0
        D:2 |     121 |       0 |   0.0 |      21 |       0 |   0.0
        D:3 |      65 |     269 |  80.5 |       5 |      19 |  79.2
            +---------+---------+-------+---------+---------+-------

Skill      XL: |  1  2  3  4  5  6 |
---------------+-------------------+-----
Fighting       | 4 |  4.1
Fire Magic     | 4 5 |  5.7
Spellcasting   | 2 3 |  3.3
Axes           | |  4.5

Action                     |  1- 3 |  4- 6 || total
---------------------------+-------+-------++-------
  Melee: Hand axe          |   125 |    67 ||   192
   Cast: Scorch            |    12 |    27 ||    39
    Use: Potion            |       |     1 ||     1
 Armour: Robe              |    85 |    52 ||   137
  Dodge: Dodged            |    66 |    45 ||   111

Illustrated notes

Table legend:
 A = Kills in this place as a percentage of kills in the entire game.
 B = Kills by you in this place as a percentage of kills by you in the entire game.
 C = Kills by friends in this place as a percentage of kills by friends in the entire game.
 D = Other kills in this place as a percentage of other kills in the entire game.
 E = Experience gained in this place as a percentage of experience gained in the entire game.
 F = Experience gained in this place divided by the number of levels of this place that you have seen.
                   A       B       C       D       E      F
               +-------+-------+-------+-------+-------+----------------------
         Total | 100.0 | 100.0 |   N/A |   N/A | 100.0 | 164.3
       Dungeon | 100.0 | 100.0 |   N/A |   N/A | 100.0 | 164.3
               +-------+-------+-------+-------+-------+----------------------

Table legend: (Time is in decaauts)
 A = Elapsed time spent in this place.
 B = Non-inter-level travel time spent in this place.
 C = Inter-level travel time spent in this place.
 D = Time resting spent in this place.
 E = Time spent auto-exploring this place.
 F = Levels seen in this place.
 G = Mean time per level.
                   A        B        C        D        E       F      G
               +--------+--------+--------+--------+--------+-----+--------+
         Total |   3545 |   3479 |     66 |      0 |   2843 |   3 | 1181.7 |
       Dungeon |   3545 |   3479 |     66 |      0 |   2843 |   3 | 1181.7 |
               +--------+--------+--------+--------+--------+-----+--------+

Top non-repeatable levels by time:
     D:1: 1577 daAuts
     D:2: 1201 daAuts
     D:3: 766 daAuts
